ESL (28 & UNDER)
MT PLEASANT BEARCATS @ WILMINGTON REBELS
09/10/2025
 
TOP OF THE 1ST
Mt Pleasant Bearcats batting - Pitching for Wilmington Rebels : LHP Matt Fritz
Pitching: LHP Matt Fritz
Batting: RHB Chris Jones 0-0: Ball
1-0: Called Strike
1-1: Foul Ball, location: 2F
1-2: Strikes out swinging
Batting: RHB Jesús Ramírez 0-0: Ball
1-0: Ball
2-0: Called Strike
2-1: Foul Ball, location: 2F
2-2: Foul Ball, location: 2F
2-2: Strikes out looking
Batting: RHB Luis Maldonado 0-0: Called Strike
0-1: Ball
1-1: Ball
2-1: Foul Ball, location: 2F
2-2: Foul Ball, location: 2F
2-2: Strikes out looking
Top of the 1st over - 0 run(s), 0 hit(s), 0 error(s), 0 left on base; Mt Pleasant 0 - Wilmington 0
BOTTOM OF THE 1ST
Wilmington Rebels batting - Pitching for Mt Pleasant Bearcats : LHP Júlio Gracía
Pitching: LHP Júlio Gracía
Batting: RHB Bob Lazzeri 0-0: Ball
1-0: SINGLE (Groundball, 34)
Batting: RHB Jeff Jones 0-0: Foul Ball, location: 2F
0-1: Ball
1-1: Swinging Strike
1-2: Strikes out swinging
Batting: LHB Dave Watson 0-0: Ball
1-0: 2-RUN HOME RUN (Flyball, 8RXD), Distance : 438 ft
Batting: RHB Vicente Valentín 0-0: Ball
1-0: Foul Ball, location: 2F
1-1: Ball
2-1: Ball
3-1: SOLO HOME RUN (Flyball, 7D), Distance : 382 ft
Batting: LHB Chandler Hubbard 0-0: Ball
1-0: Ball
2-0: Fly out, F8 (Flyball, 8LD)
Batting: RHB Al Reese 0-0: Ball
1-0: Foul Ball, location: 2F
1-1: Ball
2-1: Ball
3-1: Ground out 5-3 (Groundball, 5L)
Bottom of the 1st over - 3 run(s), 3 hit(s), 0 error(s), 0 left on base; Mt Pleasant 0 - Wilmington 3
TOP OF THE 2ND
Mt Pleasant Bearcats batting - Pitching for Wilmington Rebels : LHP Matt Fritz
Batting: RHB Ichizo Akiyama 0-0: DOUBLE (Line Drive, 78D)
Batting: RHB Patrick Potts 0-0: Swinging Strike
0-1: SINGLE (Groundball, 4MD)
Ichizo Akiyama to third
Batting: RHB Ramiro Chávez 0-0: Called Strike
0-1: Ball
1-1: Ball
2-1: Fly out, F8 (Line Drive, 8RM)
Runner from 3rd tags up, SCORES, throw made
Batting: RHB Roberto Martínez 0-0: Foul Ball, location: 2F
0-1: Ball
1-1: Ball
2-1: Ball
3-1: Called Strike
3-2: Base on Balls
Patrick Potts to second
Batting: RHB Ricardo Salazar 0-0: Ball
1-0: Ball
2-0: Foul Ball, location: 2F
2-1: Ground out 5-3 (Groundball, 5S)
Patrick Potts to third
Roberto Martínez to second
Batting: RHB Juan Trujillo 0-0: Ball
1-0: Fly out, F9 (Flyball, 9M)
Top of the 2nd over - 1 run(s), 2 hit(s), 0 error(s), 2 left on base; Mt Pleasant 1 - Wilmington 3
BOTTOM OF THE 2ND
Wilmington Rebels batting - Pitching for Mt Pleasant Bearcats : LHP Júlio Gracía
Batting: SHB Charles Alexander 0-0: Called Strike
0-1: Called Strike
0-2: Fly out, F9 (Flyball, 9D)
Batting: LHB Ramón Benítez 0-0: Foul Ball, location: 2F
0-1: Ball
1-1: Fly out, F8 (Flyball, 8LXD)
Batting: RHB Norberto Gonzáles 0-0: Ball
1-0: Ball
2-0: Swinging Strike
2-1: Foul Ball, location: 2F
2-2: Strikes out swinging
Bottom of the 2nd over - 0 run(s), 0 hit(s), 0 error(s), 0 left on base; Mt Pleasant 1 - Wilmington 3
TOP OF THE 3RD
Mt Pleasant Bearcats batting - Pitching for Wilmington Rebels : LHP Matt Fritz
Batting: RHB Chris Jones 0-0: Foul Ball, location: 2F
0-1: DOUBLE (Flyball, 78XD)
Batting: RHB Jesús Ramírez 0-0: Ball
1-0: Ball
2-0: Ball
3-0: Called Strike
3-1: Foul Ball, location: 2F
3-2: Foul Ball, location: 2F
3-2: Base on Balls
Batting: RHB Luis Maldonado 0-0: Ball
1-0: Foul Ball, location: 2F
1-1: Foul Ball, location: 2F
1-2: Ball
Wild Pitch!
Chris Jones to third
Jesús Ramírez to second
2-2: Foul Ball, location: 2F
2-2: Foul Ball, location: 2F
2-2: Fly out, F2 (Popup, 2RF)
Batting: RHB Ichizo Akiyama 0-0: Ball
1-0: Called Strike
1-1: Ball
2-1: Foul Ball, location: 2F
2-2: Foul Ball, location: 2F
2-2: 3-RUN HOME RUN (Flyball, 78XD), Distance : 403 ft
Batting: RHB Patrick Potts 0-0: Called Strike
0-1: Ball
1-1: Swinging Strike
1-2: Strikes out swinging
Batting: RHB Ramiro Chávez 0-0: Ball
1-0: Fly out, F4 (Popup, 34D)
Top of the 3rd over - 3 run(s), 2 hit(s), 0 error(s), 0 left on base; Mt Pleasant 4 - Wilmington 3
BOTTOM OF THE 3RD
Wilmington Rebels batting - Pitching for Mt Pleasant Bearcats : LHP Júlio Gracía
Batting: RHB Bob Lazzeri 0-0: Called Strike
0-1: Ball
1-1: Swinging Strike
1-2: Ball
2-2: SOLO HOME RUN (Flyball, 7D), Distance : 377 ft
Batting: RHB Jeff Jones 0-0: SINGLE (Line Drive, 56)
Batting: LHB Dave Watson 0-0: Ball
1-0: Swinging Strike
1-1: Ball
2-1: Called Strike
2-2: Fly out, F7 (Flyball, 7M)
Batting: RHB Vicente Valentín 0-0: Ball
Wild Pitch!
Jeff Jones to second
1-0: Called Strike
1-1: Ball
2-1: Ball
3-1: Base on Balls
Batting: LHB Chandler Hubbard 0-0: Foul Ball, location: 2F
0-1: Ball
1-1: Ball
2-1: SINGLE (Line Drive, 9LS)
Jeff Jones to third
Vicente Valentín to second
Runner from 3rd tries for Home, SAFE, throw made home
Batting: RHB Al Reese 0-0: Ball
1-0: Grounds into double play, 1-6-3 (Groundball, 13S)
Bottom of the 3rd over - 2 run(s), 3 hit(s), 0 error(s), 1 left on base; Mt Pleasant 4 - Wilmington 5
TOP OF THE 4TH
Mt Pleasant Bearcats batting - Pitching for Wilmington Rebels : LHP Matt Fritz
Batting: RHB Roberto Martínez 0-0: Called Strike
0-1: Ball
1-1: Foul Ball, location: 2F
1-2: Ball
2-2: Foul Ball, location: 2F
2-2: Strikes out swinging
Batting: RHB Ricardo Salazar 0-0: Called Strike
0-1: Foul Ball, location: 2F
0-2: Ball
1-2: Ball
2-2: Ground out 6-3 (Groundball, 6M)
Batting: RHB Juan Trujillo 0-0: Ball
1-0: Called Strike
1-1: Ball
2-1: Ground out 6-3 (Groundball, 6)
Top of the 4th over - 0 run(s), 0 hit(s), 0 error(s), 0 left on base; Mt Pleasant 4 - Wilmington 5
BOTTOM OF THE 4TH
Wilmington Rebels batting - Pitching for Mt Pleasant Bearcats : LHP Júlio Gracía
Batting: SHB Charles Alexander 0-0: Ground out 6-3 (Groundball, 6)
Batting: LHB Ramón Benítez 0-0: Ball
1-0: Swinging Strike
1-1: Swinging Strike
1-2: Strikes out swinging
Batting: RHB Norberto Gonzáles 0-0: Called Strike
0-1: Called Strike
0-2: Ball
1-2: Strikes out swinging
Bottom of the 4th over - 0 run(s), 0 hit(s), 0 error(s), 0 left on base; Mt Pleasant 4 - Wilmington 5
TOP OF THE 5TH
Mt Pleasant Bearcats batting - Pitching for Wilmington Rebels : LHP Matt Fritz
Batting: RHB Chris Jones 0-0: SINGLE (Line Drive, 6)
Batting: RHB Jesús Ramírez 0-0: Called Strike
0-1: Swinging Strike
0-2: Ball
1-2: Ball
2-2: Ball
3-2: Base on Balls
Chris Jones to second
Batting: RHB Luis Maldonado 0-0: Called Strike
0-1: Ball
1-1: Swinging Strike
1-2: Ball
2-2: Strikes out looking
Batting: RHB Ichizo Akiyama 0-0: Ball
1-0: Ball
2-0: Ball
3-0: Base on Balls
Chris Jones to third
Jesús Ramírez to second
Batting: RHB Patrick Potts 0-0: Called Strike
0-1: Ball
1-1: Grounds into double play, U5-3 (Groundball, 5L)
Top of the 5th over - 0 run(s), 1 hit(s), 0 error(s), 2 left on base; Mt Pleasant 4 - Wilmington 5
BOTTOM OF THE 5TH
Wilmington Rebels batting - Pitching for Mt Pleasant Bearcats : LHP Júlio Gracía
Batting: RHB Bob Lazzeri 0-0: Foul Ball, location: 2F
0-1: Called Strike
0-2: Reached on error, E2 (Groundball, 2R)
Batting: RHB Jeff Jones 0-0: Ground out 6-3 (Groundball, 6M)
Bob Lazzeri to third
Batting: LHB Dave Watson 0-0: Swinging Strike
0-1: Ball
1-1: Ground out U3 (Groundball, 3S)
Batting: RHB Vicente Valentín 0-0: Called Strike
0-1: Ball
1-1: Ball
2-1: Ball
3-1: Base on Balls
Batting: LHB Chandler Hubbard 0-0: Ball
1-0: Ball
2-0: Called Strike
2-1: Foul Ball, location: 2F
2-2: Foul Ball, location: 2F
2-2: SINGLE (Line Drive, 9S)
Bob Lazzeri scores
Vicente Valentín to second
Runner from 2nd tries for 3rd, SAFE, throw made to third
Batting: RHB Al Reese 0-0: Called Strike
0-1: Called Strike
0-2: Ball
1-2: Ball
2-2: Foul Ball, location: 2F
2-2: Foul Ball, location: 2F
2-2: Ground out 1-3 (Groundball, 15)
Bottom of the 5th over - 1 run(s), 1 hit(s), 1 error(s), 2 left on base; Mt Pleasant 4 - Wilmington 6
TOP OF THE 6TH
Mt Pleasant Bearcats batting - Pitching for Wilmington Rebels : LHP Matt Fritz
Pitching: RHP Manuel Ferreira
Batting: RHB Ramiro Chávez 0-0: Ball
1-0: Ball
2-0: Swinging Strike
2-1: Fly out, F9 (Flyball, 9M)
Batting: RHB Roberto Martínez 0-0: Ball
1-0: Ball
2-0: Foul Ball, location: 2F
2-1: Foul Ball, location: 2F
2-2: Fly out, F7 (Flyball, 7M)
Batting: RHB Ricardo Salazar 0-0: Ball
1-0: Foul Ball, location: 2F
1-1: SINGLE (Line Drive, 56D)
Batting: RHB Juan Trujillo 0-0: Called Strike
0-1: Ball
1-1: Ball
Ricardo Salazar steals 2nd base
2-1: Called Strike
2-2: Ball
3-2: Base on Balls
Batting: RHB Chris Jones 0-0: Ball
1-0: Ball
2-0: Ball
3-0: Called Strike
3-1: Foul Ball, location: 2F
3-2: Foul Ball, location: 2F
3-2: Foul Ball, location: 2F
3-2: Foul Ball, location: 2F
3-2: Base on Balls
Ricardo Salazar to third
Juan Trujillo to second
Batting: RHB Jesús Ramírez 0-0: Ball
1-0: Called Strike
1-1: Ball
2-1: Called Strike
2-2: Ball
3-2: Strikes out swinging
Top of the 6th over - 0 run(s), 1 hit(s), 0 error(s), 3 left on base; Mt Pleasant 4 - Wilmington 6
BOTTOM OF THE 6TH
Wilmington Rebels batting - Pitching for Mt Pleasant Bearcats : LHP Júlio Gracía
Pitching: LHP Dwight Livingston
Batting: SHB Charles Alexander 0-0: Called Strike
0-1: Ball
1-1: DOUBLE (Flyball, 89D)
Batting: LHB Ramón Benítez 0-0: Ground out 5-3 (Groundball, 56)
Batting: RHB Norberto Gonzáles 0-0: Swinging Strike
0-1: Foul Ball, location: 2F
0-2: Ground out 5-3 (Groundball, 5)
Batting: RHB Bob Lazzeri 0-0: Foul Ball, location: 2F
0-1: Ball
1-1: Called Strike
1-2: Strikes out swinging
Bottom of the 6th over - 0 run(s), 1 hit(s), 0 error(s), 1 left on base; Mt Pleasant 4 - Wilmington 6
TOP OF THE 7TH
Mt Pleasant Bearcats batting - Pitching for Wilmington Rebels : RHP Manuel Ferreira
Batting: RHB Luis Maldonado 0-0: Foul Ball, location: 2F
0-1: Foul Ball, location: 2F
0-2: Fly out, F8 (Flyball, 78D)
Batting: RHB Ichizo Akiyama 0-0: Ball
1-0: Ball
2-0: Called Strike
2-1: Fly out, F8 (Flyball, 8RM)
Pitching: LHP Corey Moore
Batting: RHB Patrick Potts 0-0: Ball
1-0: Called Strike
1-1: Ball
2-1: Called Strike
2-2: Foul Ball, location: 2F
2-2: Strikes out swinging
Top of the 7th over - 0 run(s), 0 hit(s), 0 error(s), 0 left on base; Mt Pleasant 4 - Wilmington 6
BOTTOM OF THE 7TH
Wilmington Rebels batting - Pitching for Mt Pleasant Bearcats : LHP Dwight Livingston
Batting: RHB Jeff Jones 0-0: Ball
1-0: Foul Ball, location: 2F
1-1: Swinging Strike
1-2: Strikes out swinging
Batting: LHB Dave Watson 0-0: Called Strike
0-1: Foul Ball, location: 2F
0-2: Ball
1-2: Strikes out swinging
Batting: RHB Vicente Valentín 0-0: Ball
1-0: Foul Ball, location: 2F
1-1: Swinging Strike
1-2: Strikes out swinging
Bottom of the 7th over - 0 run(s), 0 hit(s), 0 error(s), 0 left on base; Mt Pleasant 4 - Wilmington 6
TOP OF THE 8TH
Mt Pleasant Bearcats batting - Pitching for Wilmington Rebels : LHP Corey Moore
Batting: RHB Ramiro Chávez 0-0: Foul Ball, location: 2F
0-1: Swinging Strike
0-2: Foul Ball, location: 2F
0-2: Ball
1-2: Ball
2-2: Fly out, F3 (Popup, 3D)
Batting: RHB Roberto Martínez 0-0: Ball
1-0: Ball
2-0: Ball
3-0: Base on Balls
Batting: RHB Ricardo Salazar 0-0: Foul Ball, location: 2F
0-1: Ball
1-1: Grounds into double play, 4-6-3 (Groundball, 34)
Top of the 8th over - 0 run(s), 0 hit(s), 0 error(s), 0 left on base; Mt Pleasant 4 - Wilmington 6
BOTTOM OF THE 8TH
Wilmington Rebels batting - Pitching for Mt Pleasant Bearcats : LHP Dwight Livingston
Batting: LHB Chandler Hubbard 0-0: Foul Ball, location: 2F
0-1: Fly out, F7 (Flyball, 7S)
Pitching: RHP Brad Sharpe
Batting: RHB Al Reese 0-0: Foul Ball, location: 2F
0-1: Called Strike
0-2: Strikes out swinging
Batting: SHB Charles Alexander 0-0: DOUBLE (Line Drive, 8LS)
Batting: LHB Ramón Benítez 0-0: Ball
1-0: Foul Ball, location: 2F
1-1: Ball
2-1: Ball
3-1: Base on Balls
Pinch Hitting: LHB David Cháves 0-0: Ball
1-0: Ball
2-0: Called Strike
2-1: Ball
3-1: Base on Balls
Charles Alexander to third
Ramón Benítez to second
Batting: RHB Bob Lazzeri 0-0: Called Strike
0-1: Ball
1-1: GRAND SLAM HOME RUN (Flyball, 7LD), Distance : 354 ft
Pitching: RHP Brad White
Batting: RHB Jeff Jones 0-0: Foul Ball, location: 2F
0-1: Swinging Strike
0-2: Ball
1-2: Ball
2-2: Ball
3-2: Foul Ball, location: 2F
3-2: Foul Ball, location: 2F
3-2: Base on Balls
Batting: LHB Dave Watson 0-0: Called Strike
0-1: Called Strike
0-2: Ball
1-2: Ball
2-2: Ball
3-2: Strikes out swinging
Bottom of the 8th over - 4 run(s), 2 hit(s), 0 error(s), 1 left on base; Mt Pleasant 4 - Wilmington 10
TOP OF THE 9TH
Mt Pleasant Bearcats batting - Pitching for Wilmington Rebels : LHP Corey Moore
Now in LF: Jessie Thompson
Batting: RHB Juan Trujillo 0-0: Ball
1-0: Called Strike
1-1: SINGLE (Line Drive, 6M)
Batting: RHB Chris Jones 0-0: Ball
1-0: Called Strike
1-1: Ball
2-1: Ground out 5-3 (Groundball, 6S)
Juan Trujillo to second
Batting: RHB Jesús Ramírez 0-0: Ball
1-0: Called Strike
1-1: Foul Ball, location: 2F
1-2: Ball
2-2: Ground out 6-3 (Groundball, 6)
Juan Trujillo to third
Batting: RHB Luis Maldonado 0-0: Ball
1-0: Foul Ball, location: 2F
1-1: Ball
2-1: Swinging Strike
2-2: Strikes out swinging
Top of the 9th over - 0 run(s), 1 hit(s), 0 error(s), 1 left on base; Mt Pleasant 4 - Wilmington 10
This league is powered by Out of the Park Baseball, the baseball management simulation game for PC, Mac and Linux
Tuesday, August 2nd, 2016 - OOTP Baseball 16.8 Build 38